 Dungeon Crawl Stone Soup version 0.29.1-15-g9cfb28693d (webtiles) character file.

Game seed: 18327803782520252270

1640 mrgoodbar64 the Ruffian (level 8, -2/79 HPs)
             Began as a Troll Monk on Feb 26, 2023.
             Was a Believer of the Shining One.
             Slain by a yak (12 damage)
             ... on level 6 of the Dungeon.
             The game lasted 01:26:50 (5124 turns).

mrgoodbar64 the Ruffian (Troll Monk)                Turns: 5124, Time: 01:26:50

Health: -2/79      AC:  5    Str: 20    XL:     8   Next: 66%
Magic:  10/10      EV: 11    Int:  6    God:    the Shining One [**....]
Gold:   330        SH:  0    Dex: 20    Spells: 4/11 levels left

rFire   + . .      SeeInvis .     - Unarmed
rCold   . . .      Faith    .   (no shield)
rNeg    + . .      Spirit   .   i - +1 robe of Jylyreum {rElec rF+ Slay+4 Stlth-}
rPois   .          Reflect  .   q - +0 hat
rElec   +          Harm     .   (no cloak)
rCorr   .          Rampage  .   (gloves unavailable)
Will    .....                   (boots unavailable)
Stlth   +.........              e - amulet of magic regeneration
HPRegen 1.03/turn               k - +6 ring of dexterity
MPRegen 0.52/turn               (no ring)

@: glowing
A: large, unfitting armour, claws 3, regeneration 1, shaggy fur 1, tough skin 1
a: Renounce Religion, Divine Shield


You were on level 6 of the Dungeon.
You worshipped the Shining One.
The Shining One was pleased with you.
You visited 2 branches of the dungeon, and saw 7 of its levels.

You collected 330 gold pieces.

Inventory:

Hand Weapons
 t - a +5 great sword of freezing
 u - a +0 dagger of venom
 w - a +0 flail
 x - a +2 short sword of flaming
 A - a +5 trident
Missiles
 v - a boomerang (quivered)
Armour
 a - a +0 robe
 i - the +1 robe of Jylyreum (worn) {rElec rF+ Slay+4 Stlth-}
   (You found it on level 6 of the Dungeon)

   Slay:      It affects your accuracy & damage with ranged weapons and melee
   (+4).
   rF:        It protects you from fire.
   rElec:     It insulates you from electricity.
   Stlth:     It makes you less stealthy.
 q - a +0 hat (worn)
Magical Staves
 f - a staff of cold
 y - a staff of air
 z - a staff of death
Jewellery
 e - an amulet of magic regeneration (around neck)
 k - a +6 ring of dexterity (left claw)
Scrolls
 b - a scroll of enchant armour {unknown}
 g - a scroll of immolation
 j - a scroll of amnesia
 n - 3 scrolls of magic mapping
 o - a scroll of noise
Potions
 c - a potion of curing
 d - a potion of cancellation {unknown}
 h - 2 potions of degeneration {unknown}
 l - 2 potions of brilliance
 m - a potion of haste
 p - a potion of might {unknown}
 r - 2 potions of lignification
 s - a potion of invisibility {unknown}
 B - a potion of ambrosia
 C - a potion of flight {unknown}


   Skills:
 * Level 4.8 Fighting
 + Level 2.2 Short Blades
 - Level 0.1 Maces & Flails
 - Level 1.3 Throwing
 + Level 2.2 Armour
 - Level 3.0 Dodging
 - Level 1.6 Stealth
 + Level 5.6 Unarmed Combat
 + Level 2.0 Spellcasting
 + Level 1.2 Hexes
 - Level 1.6 Summonings
 + Level 1.7 Air Magic
 + Level 1.7 Invocations


You had 4 spell levels left.
You knew the following spells:

 Your Spells              Type           Power      Damage    Failure   Level
a - Summon Guardian Gole  Hex/Summ       2%         N/A       56%         3
b - Summon Lightning Spi  Summ/Air       2%         N/A       90%         4

Your spell library contained the following spells:

 Spells                   Type           Power      Damage    Failure   Level
 Summon Small Mammal      Summ           8%         N/A       22%         1
 Call Imp                 Summ           2%         N/A       32%         2
 Apportation              Tloc           0%         N/A       38%         1
 Magic Dart               Conj           0%         1d3       38%         1
 Call Canine Familiar     Summ           2%         N/A       54%         3
 Mephitic Cloud           Conj/Pois/Air  1%         N/A       67%         3
 Portal Projectile        Hex/Tloc       2%         N/A       67%         3
 Airstrike                Air            1%         2d(1-17)  89%         4
 Leda's Liquefaction      Hex/Erth       0%         N/A       97%         4
 Alistair's Intoxication  Tmut/Pois      0%         N/A       100%        5
 Lightning Bolt           Conj/Air       0%         1d11      100%        5


Dungeon Overview and Level Annotations

Branches:
Dungeon (6/15)             Temple (1/1) D:5

Altars:
Ashenzari
Cheibriados
Dithmenos
Elyvilon
Fedhas
Gozag
Hepliaklqana
Kikubaaqudgha
Nemelex Xobeh
Okawaru
Qazlal
Ru
Sif Muna
Trog
Uskayaw
Vehumet
Wu Jian
Xom
Yredelemnul
Zin
The Shining One


Innate Abilities, Weirdness & Mutations

You are too large for most types of armour.
You have claws for hands.
Your natural rate of healing is unusually fast.
You are covered in fur. (AC +1)
You have tough skin. (AC +1)


Message History

You block the yak's attack. The yak gores you but does no damage.
You barely miss the yak.
The yak is lightly wounded.
The yak misses you. You block the yak's attack.
You claw the yak!
The yak is heavily wounded.
The yak gores you!
* * * LOW HITPOINT WARNING * * *
The yak barely misses you. The yak attacks as you move away!
The yak gores you but does no damage. The yak attacks as you move away!
The yak gores you!
* * * LOW HITPOINT WARNING * * *
The yak attacks as you move away! The yak gores you.
* * * LOW HITPOINT WARNING * * *
Found an encrusted ruby ring.
The yak attacks as you move away! You block the yak's attack.
The yak attacks as you move away! The yak barely misses you.
The yak attacks as you move away! You block the yak's attack.
The yak attacks as you move away! You block the yak's attack.
Your divine shield fades away.
The yak attacks as you move away! The yak barely misses you.
The yak attacks as you move away! The yak gores you.
* * * LOW HITPOINT WARNING * * *
Found an ivory wand.
You open the door. The yak gores you! The Shining One protects you from harm!
The yak misses you.
Found a mace.
The yak attacks as you move away! The yak misses you.
Found a wand of quicksilver (8).
There is an open door here.
You feel better. The yak barely misses you. The yak gores you.
* * * LOW HITPOINT WARNING * * *
Okay, then.
You claw the yak!
The yak is almost dead.
The yak gores you!
* * * LOW HITPOINT WARNING * * *
The yak closely misses you. The yak gores you!
You die...

..../..# .......# #####
# .......# ....#
..####+#......# ....#
/......#......# ....#
.......#...=..# #######
...)...#Y.....##########
#_.#._#
.......@Y...............
#.....#
..##...#Y...............
..PP.##
#...#................
#.....#
#...#................
#_.#._# .
.....#................
#######..
......#......######/...
................#......#
#....
...........##...#......#
#.... ......... ########
#....


You could see 3 yaks.

Vanquished Creatures
  2 yaks (D:6)
  Menkaure (D:4)
  A water moccasin (D:6)
  An ogre (D:4)
  A centaur (D:5)
  A necrophage (D:4)
  7 wights
  2 howler monkeys (D:5)
  3 orc priests
  3 hounds
  An iguana (D:5)
  An orc wizard (D:4)
  5 gnolls
  3 adders
  A white imp (D:5)
  2 ufetubi
  3 worms
  3 dart slugs
  14 orcs
  9 endoplasms
  5 giant cockroaches
  10 hobgoblins
  11 jackals
  2 quokkas
  6 ball pythons
  8 bats
  A frilled lizard (D:2)
  15 goblins
  10 kobolds
  7 rats
139 creatures vanquished.

Vanquished Creatures (others)
  3 plants (D:2)
3 creatures vanquished.

Grand Total: 142 creatures vanquished

Notes
Turn   | Place    | Note
-------+----------+-------------------------------------------
     0 | D:1      | mrgoodbar64 the Troll Monk began the quest for the Orb.
     0 | D:1      | Reached XP level 1. HP: 22/22 MP: 0/0
   190 | D:1      | Reached XP level 2. HP: 29/29 MP: 1/1
   207 | D:1      | Found a faded altar of an unknown god.
   541 | D:1      | Reached XP level 3. HP: 36/36 MP: 2/2
  1100 | D:2      | Reached XP level 4. HP: 44/44 MP: 3/3
  1111 | D:2      | Reached skill level 1 in Throwing
  1111 | D:2      | Reached skill level 4 in Unarmed Combat
  1145 | D:2      | Learned a level 3 spell: Summon Guardian Golem
  1767 | D:3      | Reached XP level 5. HP: 38/53 MP: 4/4
  3055 | D:4      | Reached skill level 1 in Spellcasting
  3055 | D:4      | Reached XP level 6. HP: 61/61 MP: 6/6
  3060 | D:4      | Learned a level 4 spell: Summon Lightning Spire
  3183 | D:4      | Reached skill level 1 in Summonings
  3356 | D:4      | Noticed Menkaure
  3843 | D:4      | Killed Menkaure
  3844 | D:4      | Reached skill level 1 in Short Blades
  3844 | D:4      | Reached skill level 1 in Armour
  3844 | D:4      | Reached XP level 7. HP: 57/67 MP: 7/7
  3923 | D:5      | Entered Level 5 of the Dungeon
  4112 | D:5      | Reached skill level 5 in Unarmed Combat
  4171 | D:5      | Reached skill level 1 in Air Magic
  4288 | D:5      | Found a snail-covered altar of Cheibriados.
  4290 | D:5      | Found a shimmering altar of Xom.
  4290 | D:5      | Found a hide-covered altar of Uskayaw.
  4292 | D:5      | Found a radiant altar of Vehumet.
  4292 | D:5      | Found a radiant altar of Vehumet.
  4292 | D:5      | Found a shimmering altar of Xom.
  4383 | D:5      | Found a staircase to the Ecumenical Temple.
  4409 | Temple   | Entered the Ecumenical Temple
  4442 | Temple   | Became a worshipper of the Shining One
  4442 | Temple   | Reached * piety under the Shining One
  4442 | Temple   | Reached ** piety under the Shining One
  4752 | D:6      | Reached XP level 8. HP: 25/76 MP: 9/9
  4832 | D:6      | Found an ancient bone altar of Kikubaaqudgha.
  4833 | D:6      | Found a shimmering blue altar of Sif Muna.
  4834 | D:6      | Found a bloodstained altar of Trog.
  4834 | D:6      | Found an opulent altar of Gozag.
  4870 | D:6      | Reached skill level 1 in Invocations
  4942 | D:5      | The Shining One protects you from harm!
  4942 | D:5      | HP: 1/69 [wight/+5 great sword of freezing (8)]
  5050 | D:6      | Identified the +1 robe of Jylyreum {rElec rF+ Slay+4
                  | Stlth-}
  5077 | D:6      | Reached skill level 1 in Hexes
  5110 | D:6      | HP: 1/79 [yak (6)]
  5121 | D:6      | The Shining One protects you from harm!
  5124 | D:6      | Slain by a yak

Illustrated notes

Levels and vault maps discovered:
D:1:      dpeg_chamrin_arrival_tetris, layout_basic,
          hellmonk_ecumenical_altar_blasted, minmay_split_cup_small
D:2:      cheibrodos_old_hovel, layout_loops_ring
D:3:      minmay_razor_zed, layout_basic, grunt_ministairs_10, grunt_decor_cap,
          kennysheep_generic_room_4
D:4:      layout_loops_corners, uniq_menkaure
D:5:      layout_rooms, doesnt_xom_only_xom, temple_green, due_unseen_surprise
D:6:      layout_gridville, mainiacjoe_overflow_alcove_3
Temple:   eino_temple_scatter_basement

Skill      XL: |  1  2  3  4  5  6  7  8 |
---------------+-------------------------+-----
Throwing       | 1 |  1.3
Unarmed Combat | 4 5 |  5.6
Dodging        | 3 |  3.0
Fighting       | 3 4 |  4.8
Spellcasting   | 1 2 |  2.0
Summonings     | 1 |  1.6
Short Blades   | 1 2 |  2.2
Armour         | 1 2 |  2.2
Air Magic      | 1 |  1.7
Invocations    | 1 |  1.7
Hexes          | 1 |  1.2
Maces & Flails | |  0.1
Stealth        | |  1.6

Action                   |  1- 3 |  4- 6 |  7- 9 || total
-------------------------+-------+-------+-------++-------
Melee: Unarmed           |   116 |   156 |   101 ||   373
       Punch             |       |     3 |     8 ||    11
Throw: Stone             |    15 |     5 |       ||    20
       Boomerang         |       |    13 |     5 ||    18
 Cast: Summon Guardian G |       |       |     1 ||     1
Invok: Divine Shield     |       |       |     3 ||     3
  Use: Scroll            |     3 |     9 |     4 ||    16
       Potion            |     1 |     1 |     6 ||     8
 Stab: Sleeping          |     5 |    11 |       ||    16
Armor: Robe              |    50 |    34 |    17 ||   101
Dodge: Dodged            |    62 |    79 |    75 ||   216
Block: Other             |       |       |    10 ||    10
